 Dungeon Crawl Stone Soup version 0.25.1-2-g60ff931df9 (webtiles) character file.

Game seed: 3014102347800497985

74 DildoBatman the Conjurer (level 4, -2/30 HPs)
             Began as a Formicid Wizard on Aug 20, 2020.
             Slain by a goblin (3 damage)
             ... on level 2 of the Dungeon.
             The game lasted 00:02:31 (1245 turns).

DildoBatman the Conjurer (Formicid Wizard)          Turns: 1245, Time: 00:02:31

Health: -2/30      AC:  3    Str: 12    XL:     4   Next: 52%
Magic:  8/8        EV: 12    Int: 18    God:
Gold:   86         SH:  0    Dex:  9    Spells: 2/9 levels left

rFire    . . .     SeeInvis +   e - +2 dagger (speed)
rCold    . . .     Gourm    .   (no shield)
rNeg     . . .     Faith    .   a - +0 robe
rPois    +         Spirit   .   (helmet unavailable)
rElec    .         Reflect  .   (no cloak)
rCorr    .         Harm     .   p - +0 pair of gloves (curse)
MR       .....                  (no boots)
Stlth    ++........             (no amulet)
HPRegen  0.10/turn              h - ring of poison resistance
MPRegen  0.11/turn              (no ring)

@: no status effects
A: permanent stasis, dig shafts and tunnels, four strong arms, antennae 3
a: Dig, Shaft Self


You were on level 2 of the Dungeon.
You were not hungry.

You visited 1 branch of the dungeon, and saw 2 of its levels.

You collected 86 gold pieces.

Inventory:

Hand Weapons
 e - a +2 dagger of speed (weapon)
Missiles
 b - 85 stones (quivered)
 c - 52 sling bullets
 i - 27 arrows
 l - 14 poisoned darts
Armour
 a - a +0 robe (worn)
 p - a cursed +0 pair of gloves (worn)
Jewellery
 h - a ring of poison resistance (left hand)
Scrolls
 d - a scroll of magic mapping {unknown}
 j - a scroll of enchant armour {unknown}
 k - 2 scrolls of identify {unknown}
 m - 2 scrolls of remove curse {unknown}
 o - a scroll of teleportation {unknown}
Potions
 g - 2 potions of heal wounds {unknown}
 n - a potion of curing {unknown}
Comestibles
 f - a chunk of flesh
 v - 4 rations


   Skills:
 - Level 1.7 Dodging
 - Level 2.4 Stealth
 - Level 3.2 Spellcasting
 * Level 3.6 Conjurations
   Level 1.0 Summonings
   Level 0.8 Translocations


You had 2 spell levels left.
You knew the following spells:

 Your Spells              Type           Power        Failure   Level  Hunger
a - Conjure Flame         Conj/Fire      #.......     22%         3    ###....
c - Magic Dart            Conj           ###.         3%          1    None
e - Mephitic Cloud        Conj/Pois/Air  #.......     28%         3    ###....

Your spell library contained the following spells:

 Spells                   Type           Power        Failure   Level  Hunger
 Call Imp                 Summ           #.......     16%         2    ##.....
 Slow                     Hex            #.......     24%         2    ##.....
 Blink                    Tloc           Unusable     N/A         2    N/A

Dungeon Overview and Level Annotations

Branches:
Dungeon (2/15)

Altars:
Gozag


Innate Abilities, Weirdness & Mutations

You cannot be hasted, slowed, berserked, paralysed or teleported.
You can dig through walls and to a lower floor.
Your four strong arms can wield two-handed weapons with a shield.
You have a pair of large antennae on your head. (SInv)


Message History

The goblin hits you. What are your orders? t - Shout!
Orders for allies: a - Attack new target. r - Retreat! s - Stop attacking. g - Guard the area. f - Follow me.
Anything else - Cancel.
You shout for attention!
The adder closely misses you. The goblin closely misses you.
What are your orders? t - Shout!
Orders for allies: a - Attack new target. r - Retreat! s - Stop attacking. g - Guard the area. f - Follow me.
Anything else - Cancel.
You shout for attention!
The adder barely misses you. The goblin hits you.
You die...

#.# #..+.......#........#
###.######................# .#
.........########.........# .#
###......##...............##.#
#......##†####.'######..##_#
#......##.#.........##...#.#
#......##÷#.........##.#.#.####
#......##.#.........##.#...#...
###########.####@+######.##..#.##
............# #gS.......##..#.#.
############# #.........###>#.#.
#........## #)#.#. #........
#.#.#. #........ #.#.## #........
#.#.## #........ #.#.## #.#..#


You could see an adder and a goblin.

Vanquished Creatures
  A water moccasin zombie (D:2)
  A dart slug (D:2)
  A leopard gecko (D:1)
  3 bats
  A giant cockroach (D:1)
  3 goblins
  5 kobolds
  A quokka (D:2)
  2 frilled lizards
  2 rats (D:1)
20 creatures vanquished.

Notes
Turn   | Place    | Note
-------+----------+-------------------------------------------
     0 | D:1      | DildoBatman the Formicid Wizard began the quest for the
                  | Orb.
     0 | D:1      | Reached XP level 1. HP: 13/13 MP: 4/4
    73 | D:1      | Reached skill level 1 in Conjurations
   240 | D:1      | Reached XP level 2. HP: 19/19 MP: 3/6
   525 | D:1      | You fall into a shaft and drop 1 floor!
   647 | D:2      | Found an opulent altar of Gozag.
  1077 | D:2      | Reached XP level 3. HP: 20/24 MP: 0/7
  1082 | D:2      | Learned a level 3 spell: Conjure Flame
  1086 | D:2      | Learned a level 3 spell: Mephitic Cloud
  1214 | D:2      | Reached XP level 4. HP: 26/30 MP: 4/8
  1238 | D:2      | HP: 1/30 [goblin (3)]
  1243 | D:2      | HP: 1/30 [goblin (1)]
  1245 | D:2      | Slain by a goblin

Illustrated notes

Levels and vault maps discovered:
D:1:      lightli_arrival_flooded_house, layout_basic
D:2:      layout_basic, overflow_temple_1_default, first_ration

Skill      XL: |  1  2  3 |
---------------+----------+-----
Conjurations   | 1 2 3 |  3.6
Dodging        | |  1.7
Stealth        | |  2.4
Spellcasting   | |  3.2
Summonings     | |  1.0
Translocations | |  0.8

Action                   |  1- 3 |  4- 6 || total
-------------------------+-------+-------++-------
Melee: Dagger            |    10 |       ||    10
 Cast: Magic Dart        |    39 |       ||    39
       Conjure Flame     |     1 |       ||     1
 Abil: Dig               |       |     2 ||     2
  Eat: Chunk             |     1 |       ||     1
Armor: Robe              |       |     7 ||     7
Dodge: Dodged            |     7 |    34 ||    41
